Workbook

Sheet REPORT
A1: Office No. J-1031, Akshar Business Park, Plot No. 03 Sector 25, Near APMC Market, Vashi, Navi Mumbai, Maharashtra 400703 TEL: 022-46090378/79/80 Email: vsjcvaluer@gmail.com. Web site: www.vsjadon.com
A2: Valuation Report
A3: Name of Valuation Agency | D3: : | E3: V.S.JADON & CO VALUERS LLP | G3: : | H3: Date of Technical Initiation | I3: 45892
A4: Name of Customer/Applicant | D4: : | E4: Mr. Gorakhnath Pandurang Kotkar | G4: : | H4: Date of Site Visit | I4: 45896
A5: Request From | D5: : | E5: Godrej Finance Limited | G5: : | H5: Date of Report Release | I5: 45897
A6: Data From Valuation Request Form (VRF)
A7: Proposal ID/Application ID | D7: : | E7: GFL3001LT0094429 | F7: Case Type | G7: : | H7: Top up
A8: Branch Name/ID | D8: : | E8: Mumbai | F8: Request From Employee | G8: : | H8: Savita Ghadi | L8: =500*13000 -> 6500000
A9: Name of Current Property Owner as per documents | D9: : | E9: Mr. Gorakhnath Pandurang Kotkar
A10: Name of the Person met at Site & Contact No. | D10: : | E10: Mr. Pramod Shetty (9821511522)
A11: Address of the Property being Appraised | B11: : | E11: Address
B12: : | C12: As per VRF | D12: : | E12: Shop No 05,06,07 Ground Floor, Yamuna Krupa CHSL, Plot No D7, Sector 20D, Airoli, navi Mumbai,400708
B13: : | C13: As per Legal Documents | D13: : | E13: Shop Nos. 05,06,07, Ground Floor, Yamuna Krupa CHSL, Plot No D7, Sector 20D, Airoli, navi Mumbai, thane,400708
B14: Office No | C14: As per Actual at Site | D14: : | E14: Shop Nos. 05,06,07, Ground Floor, Yamuna Krupa CHSL, Plot No D7, Sector 20D, Airoli, navi Mumbai,400708
A15: Documents Provided | D15: : | E15: Copy of Index, Gift Deed sale plan and OC
A16: Location & Property Specific Details (Based on Site Visit)
A17: Status of Holding | D17: : | E17: Lease hold
A18: Type of Property | D18: : | E18: Commercial | F18: Name of the State | G18: : | H18: Maharashtra
A19: Main Locality | D19: : | E19: Thane | F19: Sub Locality | G19: : | H19: Airoli, Navi Mumbai
A20: Street on Property is located | D20: : | E20: Shani mandir Road | F20: Nearest Landmark | G20: : | H20: Near SVC Bank and Shani Mandir
A21: Pin Code | D21: : | E21: 400708 | F21: Occupation Status | G21: : | H21: Self Occupied
A22: Locality/Zoning type as per Master Plan | D22: : | E22: Mixed | F22: Property Usage | G22: : | H22: Commercial
A23: Property Identifiable | D23: : | E23: Yes | F23: Property Demarcated separately | G23: : | H23: Yes
A24: Identified Through | D24: : | E24: =E10 -> Mr. Pramod Shetty (9821511522) | F24: Development Authority | G24: : | H24: Navi Mumbai Municipal Corporation
A25: Roof Construction | D25: : | E25: RCC | F25: Type of Structure | G25: : | H25: RCC Framed Structure
A26: No. of Floors in the building | D26: : | E26: G to 3+ 4th (part) Floor | F26: Located on Floor No. | G26: : | H26: Ground Floor
A27: Total No. of Flats / Floor | D27: : | E27: 15 Shops | F27: Internal Quality of construction | G27: : | H27: Good
A28: External Quality of construction | D28: : | E28: Good | F28: Type of Flooring | G28: : | H28: Vitrified
A29: Present Age of the Property in Yrs | D29: : | E29: 17 Years(As per OC) | F29: Residual Age of Property in Yrs | G29: : | H29: 43 Years (Subjected to periodic Maintenance)
A30: Latitude | D30: : | E30: 19.162517 | F30: Longitude | G30: : | H30: 72.991006
A31: Extra Amenities available | D31: : | E31: NA
A32: Zone/Locality/Surrounding/Civic Amenities
A33: Infrastructure in the area | D33: : | E33: Developed | F33: Class of Locality | G33: : | H33: Middle Class
A34: Type of Road | D34: : | E34: Bitumen | F34: Width of the Road in ft. | G34: : | H34: 20 Feet Approx
A35: Electrification/Electric poles observed | D35: : | E35: Yes | F35: Distance from civic amenities like hospital / bus stand/ railway station etc | G35: : | H35: 2 Km Distance From Airoli Railway Station
A36: NDMA Guidelines
A37: Property falls under Seismic Zone | D37: : | E37: Zone III | F37: Property Falls under Flood Zone | G37: : | H37: No
A38: Property Falls in Cyclone Zone | D38: : | E38: No | F38: Property Falls in CR Zone | G38: : | H38: No
A39: Degree of Risk Associated | D39: : | E39: None | F39: Any risk of Demolition with details | G39: : | H39: None
A40: Boundaries
A41: Boundaries | D41: : | E41: North | F41: South | G41: East | I41: West
A42: As per Documents | D42: : | E42: NA | F42: NA | G42: NA | I42: NA
A43: As per Site / Actual | D43: : | E43: Road | F43: Road | G43: Building | I43: Road
A44: Boundaries Matching | D44: : | E44: NA | F44: If No, then reason thereon | G44: : | H44: NA
A45: Setbacks / Margin (in Ft)
A46: Setbacks / Margin in the Building (in Ft) | D46: : | E46: Front | F46: Rear | G46: Left Side | I46: Right Side
A47: As per sanctioned/ permissible byelaws | D47: : | E47: - | F47: - | G47: - | I47: -
A48: As per Site / Actual | D48: : | E48: - | F48: - | G48: - | I48: -
A49: Height/Storeys
A50: As per Sanctioned Plan/ Permissible Byelaws | D50: : | E50: NA
A51: As per Site / Actual | D51: : | E51: NA
A52: Area & Accommodation Details
A53: Land Area (In Sqft) - measured | C53: Land Area (In Sqft) - as per title | E53: NA
A54: Floor (Pl mention floor wise) | B54: : | C54: Carpet Area (sqft) | E54: Actual SBUA(sqft) | F54: Documented Carpet Area (sqft) | G54: Documented (sale plan) SBUA(sqft) | I54: Adopted Area (sqft)
A55: Basement / Stilt | B55: : | C55: - | E55: - | F55: - | G55: - | I55: -
A56: Shop No 5,6,7 | B56: : | C56: =Summary!I9 -> 439.48 | E56: =Summary!L9 -> 659.22 | F56: =Summary!I14 -> 345.80695 | G56: =Summary!L14 -> 632.05535 | I56: -
A57: Third Floor/Above | B57: : | C57: - | E57: - | F57: - | G57: - | I57: -
A58: Other Floor | C58: - | E58: - | F58: - | G58: - | I58: -
A59: Total | B59: : | C59: =C56 -> 439.48 | E59: =E56 -> 659.22 | F59: =F56 -> 345.80695 | G59: =G56 -> 632.05535 | I59: 632
A60: Building Approvals & Related Documents
A61: Construction as per approved/ sanctioned plans | D61: : | E61: NA | F61: Details of Approved Plan with approval no and date | G61: : | H61: Not proivde to us
A62: Copy of Index II Verified For Shop No 5,6,7 | E62: No: 11013/2016 Dated:08/09/2016 | F62: Copy of Index II shop no. 9 | H62: No: 14118/2017 Dated: 13/10/2017
A63: CC Number and Date | D63: : | E63: Not proivded to us | F63: Property construction status | G63: : | H63: Completed
A64: If plans not available whether the structure confirming to the local byelaws. | D64: : | E64: Yes | F64: Violations Observed if Any | G64: : | H64: None
A65: OC Number & Dated | D65: : | E65: No:JK/NRV/BP/PKB/4584/2599/2008 Dated: 27/08/2008 | F65: RERA Number for Builder Project | G65: : | H65: NA
A66: Estimate Analysis (Applicable only in Self Construction Cases)
A67: Submitted Estimated Cost (In Rs per Sqft on BUA) | D67: : | F67: Total Estimate submitted (in Rs) | G67: :
A68: Justified Estimated Cost (in Rs per Sqft on BUA) | D68: : | F68: Adoptable / Justified Estimated Cost (In Rs on BUA) | G68: :
A69: Property Valuation
A70: Valuation of Independent House/Bunglow/Commerical/Industrial Building/Land
A71: Land Area (In Sqft) | D71: : | E71: - | F71: Adoptable Built-up Area (in Sqft) | G71: : | H71: -
A72: Rate Range of land in the locality (Rs Per Sqft) | D72: : | E72: - | F72: Construction Cost (Rs per sft) | G72: : | H72: -
A73: Recommended Rate of Land (Rs per sqft) | D73: : | E73: - | F73: Total Construction Value for 100% complete building (in Rs) | G73: : | H73: -
A74: Pls specify if any special amenities provided | E74: - | F74: Addl Cost incurred for amenities (in Rs) | H74: -
A75: Total Land Value (in Rs) | D75: : | E75: - | F75: Total Construction Value at present construction stage (in Rs) | G75: : | H75: -
A76: Market Value of Land & Building for 100% complete property (in Rs) | D76: : | E76: - | F76: Market Value of Land & Building at present stage of completion (in Rs) | G76: : | H76: -
A77: Valuation of Flat / Shop / Office / Industrial / Other unit etc
A78: Shop on adopted Area (in Sqft) | D78: : | E78: 632 | F78: Rate Range in the locality (Rs per sqft) | G78: : | H78: Rs. 29,000/- to 30,000/-
A79: Amenities and other costs if any (in Rs) | D79: : | E79: - | F79: Rate considered (Rs per sqft) | G79: : | H79: 30000
A80: Total Market Value of Shop on 100% complete (in Rs) | D80: : | E80: =E78*H79 -> 18960000 | F80: Total Market Value of Flat / Shop / Flat / Office on present completion stage (in Rs) | G80: : | H80: =E80 -> 18960000
A81: Stage of Construction
A82: % Completion | D82: : | E82: 100 | F82: % Recommendation | G82: : | H82: 100
A83: Guideline & Distress Value
A84: Government Guideline/ Circle rate for Land (Rs per sqft) | D84: : | E84: 4200 | F84: Land Value as per Government Rate (Rs) | G84: : | H84: NA
A85: Government Guideline/ Circle rate for Shop Built up (Rs per sqft) | D85: : | E85: 13500 | F85: Flat / Unit/Built up Value as per Government Rate (Rs) | G85: : | H85: =E85*581 -> 7843500
A86: Distress Value (in Rs) | D86: : | E86: =H80*0.8 -> 15168000 | F86: Approx Monthly Rental per sqft (in Rs) on Carpet/BUA/SBUA | G86: : | H86: NA
A88: Remarks / Observation | B88: : | C88: 1.Deals are happening on lump sum basis 2.We have no direct or indirect interest in the property valued 3.The information furnished in the report is true and correct to the best of my knowledge and belief 4.Our report does not cover check of ownership title clearance or legality of deal and structure. 5. Following are the Area Details : i. As per Measured Carpet Area 439.00 Sq. Ft. (combined area of shop nos. 5, 6, 7 ). Built Up area 527.00 Sq. Ft. derived from 20% loading on measured carpet area and Super Built up area 659.00 Sq. Ft. derived from 50% loading on measured carpet area. ii. As per documented Built up Area 525.00 Sq. Ft. (combined area of shop nos. 5, 6, 7 ). Carpet Area 630.00 Sq. Ft. derived from Built up Area. And super built up area 788.00 Sq. Ft. derived from 50% loading on carpet area. iii. As per sale plan area 346.00 Sq. Ft. (combined area of shop nos. 5, 6, 7 ). Built Up area 415.00 Sq. ft. derived from 20% loading on carpet area. And Super Built Up area 632.00 Sq. Ft. Derived from 50% loading on Carpet area with balcony area 113.00 Sq. Ft. 5. As per site inspection we observed that the Shop Nos. 5,6,7,8 and 9 are internally merged having two entry door (i.e. from Shop No 07 and 09). Hence, as per initiation we have given valuation report for the Shop Nos. 5,6,7 only. 6. It may noted that there is an area dfferenc between measured area and documented area. Hence, we release the report on sale plan area as per institute request. 7.We have received Copy of Gift Deed, Index II, Sale plan and OC.
A89: References of Transactions Available | B89: : | C89: . | F89: Ref 2
B90: :
A91: Property Photographs
A92: Valuer Certification/Disclaimer
A93: We hereby declare that:
A94: Mr. Anish vishwakarma (With details) has personally inspected the property and the report was prepared by ………..
A95: We have no direct or indirect interest in the property valued.
A96: FMV given in above report is synonymous to realizable value.
A97: The information furnished in the report is true and correct to the best of our knowledge and belief.
A98: The fair market value indicated in the report is an opinion of the value prevailing on the date of the said report and is based on market feedback on values of similar properties. The client is free to obtain other independent opinions on the same. The fair, market value of such properties/localities may increase or decrease, depending on the future market conditions and scenarios. This report does not certify or confirm any ownership or title of the property that has been valued.
A99: Name of Engineer Visited the property | D99: : | E99: Tushar Mohite | F99: Authorized Signatory Name & Signature | G99: :

Sheet Summary
B1: 1) Index II/Sale agreement Details | C1: Date: | E1: Market Value: | J1: Government value: | M1: 135800
B2: Market Research Data
B3: Source | C3: Source | D3: Plot area | E3: Net Carpet | F3: FB Area | G3: ter | H3: Other | I3: Gross Carpet | J3: Net Builtup Area | K3: Gross Builtup | L3: Saleable | M3: Builder Saleable Area | N3: Rate on Carpet Area | O3: Equivalent Rate on Salebale | P3: Market Value | Q3: Realizable Value
B5: Measurement Shop 5 | E5: =Measurements!I4 -> 166.88 | F5: =[1]Measurement!I37 -> 0 | G5: =[1]Measurement!I38 -> 0 | H5: =[1]Measurement!I39 -> 0 | I5: =E5+F5 -> 166.88 | J5: =E5*1.2 -> 200.256 | K5: =I5*1.2 -> 200.256 | L5: =I5*1.5+G5 -> 250.32 | O5: =39500/10.764 -> 3669.6395
B6: Measurement Shop 6 | E6: =Measurements!I12 -> 129.05 | I6: =E6+F6 -> 129.05 | J6: =E6*1.2 -> 154.86 | K6: =I6*1.2 -> 154.86 | L6: =I6*1.5+G6 -> 193.575
B7: Measurement Shop 7 | E7: =Measurements!I19 -> 143.55 | I7: =E7+F7 -> 143.55 | J7: =E7*1.2 -> 172.26 | K7: =I7*1.2 -> 172.26 | L7: =I7*1.5+G7 -> 215.325 | O7: =135800/10.764*581 -> 7329970.3 | P7: =135800/10.764 -> 12616.128
B8: Measurement Shop 9
B9: Total | E9: =E5+E6+E7+E8 -> 439.48 | F9: =F5+F6+F7+F8 -> 0 | G9: =G5+G6+G7+G8 -> 0 | H9: =H5+H6+H7+H8 -> 0 | I9: =I5+I6+I7+I8 -> 439.48 | J9: =J5+J6+J7+J8 -> 527.376 | K9: =K5+K6+K7+K8 -> 527.376 | L9: =L5+L6+L7+L8 -> 659.22
B10: sale Plan Shop 5 | E10: =Plan!J4 -> 124.13583 | G10: =Plan!J32 -> 40.68792 | H10: =Plan!J36 -> 0 | I10: =E10+F10 -> 124.13583 | J10: =E10*1.2 -> 148.963 | K10: =I10*1.2 -> 148.963 | L10: =I10*1.5+G10 -> 226.89166
B11: sale Plan Shop 6 | E11: =Plan!J12 -> 106.40214 | G11: =Plan!J33 -> 34.87536 | H11: =Plan!J37 -> 0 | I11: =E11+F11 -> 106.40214 | J11: =E11*1.2 -> 127.68257 | K11: =I11*1.2 -> 127.68257 | L11: =I11*1.5+G11 -> 194.47857 | N11: =E10+E11+E12 -> 345.80695 | O11: =N11+(G10+G11+G12)/2 -> 402.47941 | P11: =N11+G10+G11+G12 -> 459.15187 | R11: 32000 | S11: =R11*P11 -> 14692860
B12: sale Plan Shop 7 | E12: =Plan!J19 -> 115.26899 | G12: =Plan!J34 -> 37.78164 | H12: =Plan!J38 -> 0 | I12: =E12+F12 -> 115.26899 | J12: =E12*1.2 -> 138.32278 | K12: =I12*1.2 -> 138.32278 | L12: =I12*1.5+G12 -> 210.68512 | N12: =L10+L11+L12 -> 632.05535
B14: Total | E14: =E10+E11+E12+E13 -> 345.80695 | F14: =F10+F11+F12+F13 -> 0 | G14: =G10+G11+G12+G13 -> 113.34492 | H14: =H10+H11+H12+H13 -> 0 | I14: =I10+I11+I12+I13 -> 345.80695 | J14: =J10+J11+J12+J13 -> 414.96835 | K14: =K10+K11+K12+K13 -> 414.96835 | L14: =L10+L11+L12+L13 -> 632.05535
B15: As per Draft Agreement | E15: =L15/1.45 -> 0 | I15: =E15+F15 -> 0 | J15: =E15*1.2 -> 0 | K15: =I15*1.2 -> 0
B16: Index II Shop No 05,06, 07 | E16: =J16/1.2 -> 525 | I16: =E16+F16 -> 525 | J16: =630 -> 630 | K16: =I16*1.2 -> 630 | L16: =I16*1.5+G16 -> 787.5
B17: Index II Shop No 06 | I17: =E17+F17 -> 0 | K17: =I17*1.2 -> 0 | L17: =I17*1.5+G17 -> 0
B18: Index II Shop No 07 | I18: =E18+F18 -> 0 | K18: =I18*1.2 -> 0 | L18: =I18*1.5+G18 -> 0
B19: Index II Shop No 09 | I19: =E19+F19 -> 0 | K19: =I19*1.2 -> 0 | L19: =I19*1.5+G19 -> 0
B20: Total | E20: =E16+E19 -> 525 | F20: =F16+F19 -> 0 | G20: =G16+G19 -> 0 | H20: =H16+H19 -> 0 | I20: =I16+I19 -> 525 | J20: =J16+J19 -> 630 | K20: =K16+K19 -> 630 | L20: =L16+L19 -> 787.5 | M20: =M16+M19 -> 0
B21: Allotment letter
B22: Rate enquired
B23: Broker ref : | E23: same vicinity | I23: 120 | L23: =I23*1.5 -> 180 | O23: =P23/L23 -> 22222.222 | P23: 4000000
B24: Broker ref : | E24: same vicinity | I24: 120 | L24: =I24*1.5 -> 180 | O24: =P24/L24 -> 25000 | P24: 4500000
B25: Broker ref : | E25: same vicinity | I25: 150 | L25: =I25*1.5 -> 225 | O25: =P25/L25 -> 22222.222 | P25: 5000000
B26: 99 acres | E26: same vicinity | L26: 300 | O26: =P26/L26 -> 14400 | P26: 4320000
B27: 99 acres | E27: same vicinity | L27: 130 | O27: =P27/L27 -> 50000 | P27: 6500000
B28: 99 acres
B29: Average | O29: =AVERAGE(O23:O28) -> 26768.889
B30: Valuation Adopted | L30: 874 | O30: 21500 | P30: =O30*L30 -> 18791000
B31: Car parking & Amenities
B32: Final Market Value | L32: 632 | O32: 21500 | P32: =O32*L32 -> 13588000
B33: Revised Valuation 1
B34: Revised Valuation 2 | L34: 632 | O34: 24000 | P34: =O34*L34 -> 15168000 | R34: =O32*1.5 -> 32250
L35: 632 | O35: 30000 | P35: =L35*O35 -> 18960000
B36: VALUER Name :-
B37: Broker ref : | C37: Name | G37: Contact No. | J37: Vlaue
B38: 1) | C38: Aryan Real Estate | G38: 8454099113 | J38: 150sft CA-73lac with water connectionand- rent fro same 25K 120sft CA-40 to lac without wter connection-rent for same- 10 to 12K
B39: 2) | C39: DT real Estate | G39: 9324189153 | J39: will call
B40: 3) | C40: Shreedham Real Estate | G40: 9819279577 | J40: 150sft CA-50lac- rent for same 15K per month | P40: 150-73lac 120sft CA-40 to 45lac | S40: =4000000/120 -> 33333.333 | T40: =S40*P11 -> 15305062 | U40: =S40*O11 -> 13415980
B41: 2025 | C41: Om Shiv Sai real estate | G41: 9699944319 | J41: 450 to 500 ca - 1.5 cr | P41: =15000000/450 -> 33333.333 | Q41: =15000000/500 -> 30000
V49: =21500*1.5 -> 32250

Sheet 18860
A2: Sr | B2: Item | C2: L | E2: W | G2: Actual W | H2: Actual L | I2: Area
C3: Feet | D3: Inch | E3: Feet | F3: Inch
A4: 1 | B4: shop No 5 | C4: 31.8 | E4: 14.8 | G4: =(E4+F4/10) -> 14.8 | H4: =(C4+D4/10) -> 31.8 | I4: =G4*H4 -> 470.64
B5: DiNING | G5: =(E5+F5/10) -> 0 | H5: =(C5+D5/10) -> 0 | I5: =G5*H5 -> 0
A6: 2 | B6: Kitchen | C6: 13.8 | E6: 4.8 | G6: =(E6+F6/10) -> 4.8 | H6: =(C6+D6/10) -> 13.8 | I6: =G6*H6 -> 66.24
A7: 3 | B7: T | C7: 4.9 | E7: 3.8 | G7: =(E7+F7/10) -> 3.8 | H7: =(C7+D7/10) -> 4.9 | I7: =G7*H7 -> 18.62
B8: store | C8: 5.8 | E8: 4.8 | G8: =(E8+F8/10) -> 4.8 | H8: =(C8+D8/10) -> 5.8 | I8: =G8*H8 -> 27.84
B9: bed | G9: =(E9+F9/10) -> 0 | H9: =(C9+D9/10) -> 0 | I9: =G9*H9 -> 0
B10: bed | G10: =(E10+F10/10) -> 0 | H10: =(C10+D10/10) -> 0 | I10: =G10*H10 -> 0
A11: 4 | B11: extra | C11: 15 | E11: 3.8 | G11: =(E11+F11/10) -> 3.8 | H11: =(C11+D11/10) -> 15 | I11: =G11*H11 -> 57
B12: passage | C12: 4.8 | E12: 4 | G12: =(E12+F12/10) -> 4 | H12: =(C12+D12/10) -> 4.8 | I12: =G12*H12 -> 19.2
B13: passage | C13: 8 | E13: 7.5 | G13: =(E13+F13/10) -> 7.5 | H13: =(C13+D13/10) -> 8 | I13: =G13*H13 -> 60
B14: Bed Room 4 | G14: =(E14+F14/10) -> 0 | H14: =(C14+D14/10) -> 0 | I14: =G14*H14 -> 0
B15: pass | G15: =(E15+F15/10) -> 0 | H15: =(C15+D15/10) -> 0 | I15: =G15*H15 -> 0
B16: pass | G16: =(E16+F16/10) -> 0 | H16: =(C16+D16/10) -> 0 | I16: =G16*H16 -> 0
A17: 5 | B17: pass | G17: =(E17+F17/10) -> 0 | H17: =(C17+D17/10) -> 0 | I17: =G17*H17 -> 0
B18: pass | G18: =(E18+F18/10) -> 0 | H18: =(C18+D18/10) -> 0 | I18: =G18*H18 -> 0
B19: shop No 7 | G19: =(E19+F19/10) -> 0 | H19: =(C19+D19/10) -> 0 | I19: =G19*H19 -> 0
A20: 6 | B20: cb | G20: =(E20+F20/10) -> 0 | H20: =(C20+D20/10) -> 0 | I20: =G20*H20 -> 0
B21: cb | G21: =(E21+F21/10) -> 0 | H21: =(C21+D21/10) -> 0 | I21: =G21*H21 -> 0
B22: shop No 9 | G22: =(E22+F22/10) -> 0 | H22: =(C22+D22/10) -> 0 | I22: =G22*H22 -> 0
B23: cb | G23: =(E23+F23/10) -> 0 | H23: =(C23+D23/10) -> 0 | I23: =G23*H23 -> 0
A24: 7 | B24: dry | G24: =(E24+F24/10) -> 0 | H24: =(C24+D24/10) -> 0 | I24: =G24*H24 -> 0
B25: Covered Balcony 4 | G25: =(E25+F25/10) -> 0 | H25: =(C25+D25/10) -> 0 | I25: =G25*H25 -> 0
B26: Open Balcony 1 | G26: =(E26+F26/10) -> 0 | H26: =(C26+D26/10) -> 0 | I26: =G26*H26 -> 0
B27: Open Balcony 2 | G27: =(E27+F27/10) -> 0 | H27: =(C27+D27/10) -> 0 | I27: =G27*H27 -> 0
B28: Open Balcony 3 | G28: =(E28+F28/10) -> 0 | H28: =(C28+D28/10) -> 0 | I28: =G28*H28 -> 0
A29: 8 | B29: Flower Bed 1 | G29: =(E29+F29/10) -> 0 | H29: =(C29+D29/10) -> 0 | I29: =G29*H29 -> 0
B30: Flower Bed 2 | G30: =(E30+F30/10) -> 0 | H30: =(C30+D30/10) -> 0 | I30: =G30*H30 -> 0
B31: Flower Bed 3 | G31: =(E31+F31/10) -> 0 | H31: =(C31+D31/10) -> 0 | I31: =G31*H31 -> 0
A32: 9 | B32: Terrace 1 | G32: =(E32+F32/10) -> 0 | H32: =(C32+D32/10) -> 0 | I32: =G32*H32 -> 0
B33: Terrace 2 | G33: =(E33+F33/10) -> 0 | H33: =(C33+D33/10) -> 0 | I33: =G33*H33 -> 0
B34: Terrace 3 | G34: =(E34+F34/10) -> 0 | H34: =(C34+D34/10) -> 0 | I34: =G34*H34 -> 0
A35: 10 | B35: Any Other Area | G35: =(E35+F35/10) -> 0 | H35: =(C35+D35/10) -> 0 | I35: =G35*H35 -> 0
B36: Any Other Area | H36: =(C36+D36/10) -> 0
B37: Any Other Area | H37: =(C37+D37/10) -> 0
B38: Net Carpet Area | I38: =SUM(I4:I25) -> 719.54
B39: fungi. | I39: =SUM(I26:I31) -> 0
B40: Terrace Area | I40: =SUM(I32:I34) -> 0
B41: Other Area | I41: =I35+I36+I37 -> 0
B42: Gross Carpet Area | I42: =SUM(I4:I31) -> 719.54

Sheet Measurements
A2: Sr | B2: Item | C2: L | E2: W | G2: Actual W | H2: Actual L | I2: Area
C3: Feet | D3: Inch | E3: Feet | F3: Inch
A4: 1 | B4: shop No 5 | C4: 11.2 | E4: 14.9 | G4: =(E4+F4/10) -> 14.9 | H4: =(C4+D4/10) -> 11.2 | I4: =G4*H4 -> 166.88
B5: DiNING | G5: =(E5+F5/10) -> 0 | H5: =(C5+D5/10) -> 0 | I5: =G5*H5 -> 0
A6: 2 | B6: Kitchen | G6: =(E6+F6/10) -> 0 | H6: =(C6+D6/10) -> 0 | I6: =G6*H6 -> 0
A7: 3 | B7: T | G7: =(E7+F7/10) -> 0 | H7: =(C7+D7/10) -> 0 | I7: =G7*H7 -> 0
B8: T | G8: =(E8+F8/10) -> 0 | H8: =(C8+D8/10) -> 0 | I8: =G8*H8 -> 0
B9: bed | G9: =(E9+F9/10) -> 0 | H9: =(C9+D9/10) -> 0 | I9: =G9*H9 -> 0
B10: bed | G10: =(E10+F10/10) -> 0 | H10: =(C10+D10/10) -> 0 | I10: =G10*H10 -> 0
A11: 4 | B11: pass | G11: =(E11+F11/10) -> 0 | H11: =(C11+D11/10) -> 0 | I11: =G11*H11 -> 0
B12: shop No 6 | C12: 14.5 | E12: 8.9 | G12: =(E12+F12/10) -> 8.9 | H12: =(C12+D12/10) -> 14.5 | I12: =G12*H12 -> 129.05
B13: Bed Room 3 | G13: =(E13+F13/10) -> 0 | H13: =(C13+D13/10) -> 0 | I13: =G13*H13 -> 0
B14: Bed Room 4 | G14: =(E14+F14/10) -> 0 | H14: =(C14+D14/10) -> 0 | I14: =G14*H14 -> 0
B15: pass | G15: =(E15+F15/10) -> 0 | H15: =(C15+D15/10) -> 0 | I15: =G15*H15 -> 0
B16: pass | G16: =(E16+F16/10) -> 0 | H16: =(C16+D16/10) -> 0 | I16: =G16*H16 -> 0
A17: 5 | B17: pass | G17: =(E17+F17/10) -> 0 | H17: =(C17+D17/10) -> 0 | I17: =G17*H17 -> 0
B18: pass | G18: =(E18+F18/10) -> 0 | H18: =(C18+D18/10) -> 0 | I18: =G18*H18 -> 0
B19: shop No 7 | C19: 14.5 | E19: 9.9 | G19: =(E19+F19/10) -> 9.9 | H19: =(C19+D19/10) -> 14.5 | I19: =G19*H19 -> 143.55
A20: 6 | B20: cb | G20: =(E20+F20/10) -> 0 | H20: =(C20+D20/10) -> 0 | I20: =G20*H20 -> 0
B21: cb | G21: =(E21+F21/10) -> 0 | H21: =(C21+D21/10) -> 0 | I21: =G21*H21 -> 0
B22: shop No 9 | C22: 18.4 | E22: 9.9 | G22: =(E22+F22/10) -> 9.9 | H22: =(C22+D22/10) -> 18.4 | I22: =G22*H22 -> 182.16
B23: cb | G23: =(E23+F23/10) -> 0 | H23: =(C23+D23/10) -> 0 | I23: =G23*H23 -> 0
A24: 7 | B24: dry | G24: =(E24+F24/10) -> 0 | H24: =(C24+D24/10) -> 0 | I24: =G24*H24 -> 0
B25: Covered Balcony 4 | G25: =(E25+F25/10) -> 0 | H25: =(C25+D25/10) -> 0 | I25: =G25*H25 -> 0
B26: Open Balcony 1 | G26: =(E26+F26/10) -> 0 | H26: =(C26+D26/10) -> 0 | I26: =G26*H26 -> 0
B27: Open Balcony 2 | G27: =(E27+F27/10) -> 0 | H27: =(C27+D27/10) -> 0 | I27: =G27*H27 -> 0
B28: Open Balcony 3 | G28: =(E28+F28/10) -> 0 | H28: =(C28+D28/10) -> 0 | I28: =G28*H28 -> 0
A29: 8 | B29: Flower Bed 1 | G29: =(E29+F29/10) -> 0 | H29: =(C29+D29/10) -> 0 | I29: =G29*H29 -> 0
B30: Flower Bed 2 | G30: =(E30+F30/10) -> 0 | H30: =(C30+D30/10) -> 0 | I30: =G30*H30 -> 0
B31: Flower Bed 3 | G31: =(E31+F31/10) -> 0 | H31: =(C31+D31/10) -> 0 | I31: =G31*H31 -> 0
A32: 9 | B32: Terrace 1 | G32: =(E32+F32/10) -> 0 | H32: =(C32+D32/10) -> 0 | I32: =G32*H32 -> 0
B33: Terrace 2 | G33: =(E33+F33/10) -> 0 | H33: =(C33+D33/10) -> 0 | I33: =G33*H33 -> 0
B34: Terrace 3 | G34: =(E34+F34/10) -> 0 | H34: =(C34+D34/10) -> 0 | I34: =G34*H34 -> 0
A35: 10 | B35: Any Other Area | G35: =(E35+F35/10) -> 0 | H35: =(C35+D35/10) -> 0 | I35: =G35*H35 -> 0
B36: Any Other Area | H36: =(C36+D36/10) -> 0
B37: Any Other Area | H37: =(C37+D37/10) -> 0
B38: Net Carpet Area | I38: =SUM(I4:I25) -> 621.64
B39: fungi. | I39: =SUM(I26:I31) -> 0
B40: Terrace Area | I40: =SUM(I32:I34) -> 0
B41: Other Area | I41: =I35+I36+I37 -> 0
B42: Gross Carpet Area | I42: =SUM(I4:I31) -> 621.64

Sheet shop 4
A2: Sr | B2: Item | C2: L | E2: W | G2: Actual W | H2: Actual L | I2: Area
C3: Feet | D3: Inch | E3: Feet | F3: Inch
A4: 1 | B4: Hall | C4: 35.8 | E4: 9 | G4: =(E4+F4/10) -> 9 | H4: =(C4+D4/10) -> 35.8 | I4: =G4*H4 -> 322.2
B5: DiNING | C5: 4.5 | E5: 3.6 | G5: =(E5+F5/10) -> 3.6 | H5: =(C5+D5/10) -> 4.5 | I5: =G5*H5 -> 16.2
A6: 2 | B6: Kitchen | C6: 4.2 | E6: 2.9 | G6: =(E6+F6/10) -> 2.9 | H6: =(C6+D6/10) -> 4.2 | I6: =G6*H6 -> 12.18
A7: 3 | B7: bed | G7: =(E7+F7/10) -> 0 | H7: =(C7+D7/10) -> 0 | I7: =G7*H7 -> 0
B8: bed | G8: =(E8+F8/10) -> 0 | H8: =(C8+D8/10) -> 0 | I8: =G8*H8 -> 0
B9: bed | G9: =(E9+F9/10) -> 0 | H9: =(C9+D9/10) -> 0 | I9: =G9*H9 -> 0
B10: bed | G10: =(E10+F10/10) -> 0 | H10: =(C10+D10/10) -> 0 | I10: =G10*H10 -> 0
A11: 4 | B11: pass | G11: =(E11+F11/10) -> 0 | H11: =(C11+D11/10) -> 0 | I11: =G11*H11 -> 0
B12: Bed Room 2 | G12: =(E12+F12/10) -> 0 | H12: =(C12+D12/10) -> 0 | I12: =G12*H12 -> 0
B13: Bed Room 3 | G13: =(E13+F13/10) -> 0 | H13: =(C13+D13/10) -> 0 | I13: =G13*H13 -> 0
B14: dining | G14: =(E14+F14/10) -> 0 | H14: =(C14+D14/10) -> 0 | I14: =G14*H14 -> 0
B15: cb | G15: =(E15+F15/10) -> 0 | H15: =(C15+D15/10) -> 0 | I15: =G15*H15 -> 0
B16: bed | G16: =(E16+F16/10) -> 0 | H16: =(C16+D16/10) -> 0 | I16: =G16*H16 -> 0
A17: 5 | B17: cb | G17: =(E17+F17/10) -> 0 | H17: =(C17+D17/10) -> 0 | I17: =G17*H17 -> 0
B18: cb | G18: =(E18+F18/10) -> 0 | H18: =(C18+D18/10) -> 0 | I18: =G18*H18 -> 0
B19: cb | G19: =(E19+F19/10) -> 0 | H19: =(C19+D19/10) -> 0 | I19: =G19*H19 -> 0
A20: 6 | B20: cb | G20: =(E20+F20/10) -> 0 | H20: =(C20+D20/10) -> 0 | I20: =G20*H20 -> 0
B21: t | G21: =(E21+F21/10) -> 0 | H21: =(C21+D21/10) -> 0 | I21: =G21*H21 -> 0
B22: cb | G22: =(E22+F22/10) -> 0 | H22: =(C22+D22/10) -> 0 | I22: =G22*H22 -> 0
B23: cb | G23: =(E23+F23/10) -> 0 | H23: =(C23+D23/10) -> 0 | I23: =G23*H23 -> 0
A24: 7 | B24: Covered Balcony 3 | G24: =(E24+F24/10) -> 0 | H24: =(C24+D24/10) -> 0 | I24: =G24*H24 -> 0
B25: Covered Balcony 4 | G25: =(E25+F25/10) -> 0 | H25: =(C25+D25/10) -> 0 | I25: =G25*H25 -> 0
B26: Open Balcony 1 | G26: =(E26+F26/10) -> 0 | H26: =(C26+D26/10) -> 0 | I26: =G26*H26 -> 0
B27: Open Balcony 2 | G27: =(E27+F27/10) -> 0 | H27: =(C27+D27/10) -> 0 | I27: =G27*H27 -> 0
B28: Open Balcony 3 | G28: =(E28+F28/10) -> 0 | H28: =(C28+D28/10) -> 0 | I28: =G28*H28 -> 0
A29: 8 | B29: Flower Bed 1 | G29: =(E29+F29/10) -> 0 | H29: =(C29+D29/10) -> 0 | I29: =G29*H29 -> 0
B30: Flower Bed 2 | G30: =(E30+F30/10) -> 0 | H30: =(C30+D30/10) -> 0 | I30: =G30*H30 -> 0
B31: Flower Bed 3 | G31: =(E31+F31/10) -> 0 | H31: =(C31+D31/10) -> 0 | I31: =G31*H31 -> 0
A32: 9 | B32: Terrace 1 | G32: =(E32+F32/10) -> 0 | H32: =(C32+D32/10) -> 0 | I32: =G32*H32 -> 0
B33: Terrace 2 | G33: =(E33+F33/10) -> 0 | H33: =(C33+D33/10) -> 0 | I33: =G33*H33 -> 0
B34: Terrace 3 | G34: =(E34+F34/10) -> 0 | H34: =(C34+D34/10) -> 0 | I34: =G34*H34 -> 0
A35: 10 | B35: Any Other Area | G35: =(E35+F35/10) -> 0 | H35: =(C35+D35/10) -> 0 | I35: =G35*H35 -> 0
B36: Any Other Area | H36: =(C36+D36/10) -> 0
B37: Any Other Area | H37: =(C37+D37/10) -> 0
B38: Net Carpet Area | I38: =SUM(I4:I25) -> 350.58
B39: fungi. | I39: =SUM(I26:I31) -> 0
B40: Terrace Area | I40: =SUM(I32:I34) -> 0
B41: Other Area | I41: =I35+I36+I37 -> 0
B42: Gross Carpet Area | I42: =SUM(I4:I31) -> 350.58

Sheet Plan
A2: Sr | B2: Item | C2: L | E2: W | G2: Actual W | H2: Actual L | I2: Area
C3: Feet | D3: Inch | E3: Feet | F3: Inch
A4: 1 | B4: shop No 5 | C4: 3.5 | E4: 3.295 | G4: =(E4+F4/10) -> 3.295 | H4: =(C4+D4/10) -> 3.5 | I4: =G4*H4 -> 11.5325 | J4: =I4*10.764 -> 124.13583
B5: DiNING | G5: =(E5+F5/10) -> 0 | H5: =(C5+D5/10) -> 0 | I5: =G5*H5 -> 0
A6: 2 | B6: Kitchen | G6: =(E6+F6/10) -> 0 | H6: =(C6+D6/10) -> 0 | I6: =G6*H6 -> 0
A7: 3 | B7: T | G7: =(E7+F7/10) -> 0 | H7: =(C7+D7/10) -> 0 | I7: =G7*H7 -> 0
B8: T | G8: =(E8+F8/10) -> 0 | H8: =(C8+D8/10) -> 0 | I8: =G8*H8 -> 0
B9: bed | G9: =(E9+F9/10) -> 0 | H9: =(C9+D9/10) -> 0 | I9: =G9*H9 -> 0
B10: bed | G10: =(E10+F10/10) -> 0 | H10: =(C10+D10/10) -> 0 | I10: =G10*H10 -> 0
A11: 4 | B11: pass | G11: =(E11+F11/10) -> 0 | H11: =(C11+D11/10) -> 0 | I11: =G11*H11 -> 0
B12: shop No 6 | C12: 3 | E12: 3.295 | G12: =(E12+F12/10) -> 3.295 | H12: =(C12+D12/10) -> 3 | I12: =G12*H12 -> 9.885 | J12: =I12*10.764 -> 106.40214
B13: Bed Room 3 | G13: =(E13+F13/10) -> 0 | H13: =(C13+D13/10) -> 0 | I13: =G13*H13 -> 0
B14: Bed Room 4 | G14: =(E14+F14/10) -> 0 | H14: =(C14+D14/10) -> 0 | I14: =G14*H14 -> 0
B15: pass | G15: =(E15+F15/10) -> 0 | H15: =(C15+D15/10) -> 0 | I15: =G15*H15 -> 0
B16: pass | G16: =(E16+F16/10) -> 0 | H16: =(C16+D16/10) -> 0 | I16: =G16*H16 -> 0
A17: 5 | B17: pass | G17: =(E17+F17/10) -> 0 | H17: =(C17+D17/10) -> 0 | I17: =G17*H17 -> 0
B18: pass | G18: =(E18+F18/10) -> 0 | H18: =(C18+D18/10) -> 0 | I18: =G18*H18 -> 0
B19: shop No 7 | C19: 3.25 | E19: 3.295 | G19: =(E19+F19/10) -> 3.295 | H19: =(C19+D19/10) -> 3.25 | I19: =G19*H19 -> 10.70875 | J19: =I19*10.764 -> 115.26899
A20: 6 | B20: cb | G20: =(E20+F20/10) -> 0 | H20: =(C20+D20/10) -> 0 | I20: =G20*H20 -> 0
B21: cb | G21: =(E21+F21/10) -> 0 | H21: =(C21+D21/10) -> 0 | I21: =G21*H21 -> 0
B22: shop No 9 | C22: 2.95 | E22: 4.37 | G22: =(E22+F22/10) -> 4.37 | H22: =(C22+D22/10) -> 2.95 | I22: =G22*H22 -> 12.8915 | J22: =I22*10.764 -> 138.76411
B23: cb | G23: =(E23+F23/10) -> 0 | H23: =(C23+D23/10) -> 0 | I23: =G23*H23 -> 0
A24: 7 | B24: dry | G24: =(E24+F24/10) -> 0 | H24: =(C24+D24/10) -> 0 | I24: =G24*H24 -> 0
B25: Covered Balcony 4 | G25: =(E25+F25/10) -> 0 | H25: =(C25+D25/10) -> 0 | I25: =G25*H25 -> 0
B26: Open Balcony 1 | G26: =(E26+F26/10) -> 0 | H26: =(C26+D26/10) -> 0 | I26: =G26*H26 -> 0
B27: Open Balcony 2 | G27: =(E27+F27/10) -> 0 | H27: =(C27+D27/10) -> 0 | I27: =G27*H27 -> 0
B28: Open Balcony 3 | G28: =(E28+F28/10) -> 0 | H28: =(C28+D28/10) -> 0 | I28: =G28*H28 -> 0
A29: 8 | B29: Flower Bed 1 | G29: =(E29+F29/10) -> 0 | H29: =(C29+D29/10) -> 0 | I29: =G29*H29 -> 0
B30: Flower Bed 2 | G30: =(E30+F30/10) -> 0 | H30: =(C30+D30/10) -> 0 | I30: =G30*H30 -> 0
B31: Flower Bed 3 | G31: =(E31+F31/10) -> 0 | H31: =(C31+D31/10) -> 0 | I31: =G31*H31 -> 0
A32: 9 | B32: Any Other Area Shop 5 | C32: 1.08 | E32: 3.5 | G32: =(E32+F32/10) -> 3.5 | H32: =(C32+D32/10) -> 1.08 | I32: =G32*H32 -> 3.78 | J32: =I32*10.764 -> 40.68792
B33: Any Other Area Shop 6 | C33: 1.08 | E33: 3 | G33: =(E33+F33/10) -> 3 | H33: =(C33+D33/10) -> 1.08 | I33: =G33*H33 -> 3.24 | J33: =I33*10.764 -> 34.87536
B34: Any Other Area Shop 7 | C34: 1.08 | E34: 3.25 | G34: 1.08 | H34: 3.25 | I34: =G34*H34 -> 3.51 | J34: =I34*10.764 -> 37.78164
B35: Any Other Area Shop 9 | C35: 1.08 | E35: 2.95 | G35: =(E35+F35/10) -> 2.95 | H35: =(C35+D35/10) -> 1.08 | I35: =G35*H35 -> 3.186 | J35: =I35*10.764 -> 34.294104
A36: 10 | B36: Any Other Area Shop 5 | G36: =(E36+F36/10) -> 0 | H36: =(C36+D36/10) -> 0 | I36: =G36*H36 -> 0 | J36: =I36*10.764 -> 0
B37: Any Other Area Shop 6 | G37: =(E37+F37/10) -> 0 | H37: =(C37+D37/10) -> 0 | I37: =G37*H37 -> 0 | J37: =I37*10.764 -> 0
B38: Any Other Area Shop 7 | G38: =(E38+F38/10) -> 0 | H38: =(C38+D38/10) -> 0 | I38: =G38*H38 -> 0 | J38: =I38*10.764 -> 0
B39: Any Other Area Shop 9 | G39: =(E39+F39/10) -> 0 | H39: =(C39+D39/10) -> 0 | I39: =G39*H39 -> 0 | J39: =I39*10.764 -> 0
B40: Total
B41: Net Carpet Area | I41: =SUM(I4:I25) -> 45.01775
B42: fungi. | I42: =SUM(I26:I31) -> 0
B43: Terrace Area | I43: =SUM(I32:I35) -> 13.716
B44: Other Area | I44: =I36+I37+I38 -> 0
B45: Gross Carpet Area | I45: =SUM(I4:I31) -> 45.01775

Sheet C%
A2: Particulars | B2: totla floor | C2: 12
B3: total | C3: completed
A4: plinth | B4: 10 | C4: 10
A5: slab | B5: total slab | C5: completed slab | H5: p | I5: rcc | J5: Bricks | K5: Plaster | L5: Flooring | M5: Wood & painting | N5: Finishing
B6: =C2+1 -> 13 | C6: 13 | E6: Progress | H6: =C4 -> 10 | I6: =40/B6*C6 -> 40 | J6: =15/B8*C8 -> 15 | K6: =10/B10*C10 -> 10 | L6: =10/B12*C12 -> 5.8333333 | M6: =5/B14*C14 -> 1.25 | N6: =5/B16*C16 -> 0
A7: Bricks | B7: Total Floor | C7: completed Floor | E7: Recommended | H7: =H6+20 -> 30 | I7: =30/B6*C6 -> 30 | J7: =15/B8*C8 -> 15 | K7: =10/B10*C10 -> 10 | L7: =5/B12*C12 -> 2.9166667 | M7: =5/B14*C14 -> 1.25 | N7: =5/B16*C16 -> 0
B8: =C2 -> 12 | C8: 12
A9: plaster | B9: Total Floor | C9: completed Floor
B10: =C2 -> 12 | C10: 12
A11: Flooring | B11: Total Floor | C11: completed Floor
B12: =C2 -> 12 | C12: 7 | I12: Progress | J12: Recommended
A13: Wood & painting | B13: Total Floor | C13: completed Floor | H13: Plinth | I13: =H6 -> 10 | J13: =H7 -> 30
B14: =C2 -> 12 | C14: 3 | H14: RCC | I14: =I6 -> 40 | J14: =I7 -> 30
A15: Finishing | B15: Total Floor | C15: completed Floor | H15: Bricks | I15: =J6 -> 15 | J15: =J7 -> 15
B16: =C2 -> 12 | C16: 0 | H16: Plaster | I16: =K6 -> 10 | J16: =K7 -> 10
H17: Flooring | I17: =L6 -> 5.8333333 | J17: =L7 -> 2.9166667
H18: Wood & painting | I18: =M6 -> 1.25 | J18: =M7 -> 1.25
H19: Finishing | I19: =N6 -> 0 | J19: =N7 -> 0
H20: total | I20: =I13+I14+I15+I16+I17+I18+I19 -> 82.083333 | J20: =J13+J14+J15+J16+J17+J18+J19 -> 89.166667

Sheet Remark
A1: 1] Market phenomenon regarding market value has been changing .In recent times properties are sold for a lump sum price. Because of the statutory restriction on built up or carpet area in documents .So the market rate is derivatives of market value & area in document.
A2: Market rate given in report is not comparable to open enquiry in market.
A4: 2] Flat is on Rent. / Shop is on rent.
A6: 3] Property identified by Mr./Mrs./miss
A8: 4] There is area difference between measured 1476.00 sq.ft. carpet area & provided documented 539.00 sq.ft carpet area And 131.00 Sq. Ft Terrace area.
A10: 5] Internal inspection i.e photos & measurement not allowed.
A12: 6] As per Kokan Mhada (Pradhanmantri Awas Yojana)Act, Property Locking period is 07 Years, Owner couldn’t sale property upto 7 years. Hence property valuation is as per provide Provisional Offer Letter value.
A14: 7] We have received IndexII, Sale agreement, approved plan, OC & CC.
A16: 8] IndexII, Sale agreement, approved plan, OC & CC not provided to us.
A18: 9] Approach road to subjected property is kaccha road.
A20: 10] lack of property maintenance.
A22: 11] FLat no. & Flat No. are internally merged & having one/two entrance.
... A57: 1) The valuation is subjected to statutory permissions and compliance.

Sheet Sheet1
B2: Name | C2: CA | D2: BUA
A3: Shop No. 5, 6 and 7 | B3: Gorakhanath Pandurang Kotkar | C3: =D3/1.2 -> 525 | D3: 630
A4: Shop No. 8 | C4: =D4/1.2 -> 0
A5: Shop No. 9 | B5: Gorakhanath Pandurang Kotkar | C5: =D5/1.2 -> 166.66667 | D5: 200
